 Dungeon Crawl Stone Soup version 0.30-a0-310-g7d6cbdfea6 (webtiles) character file.

Game seed: 1708411084406925628

214 billz999 the Sneak (level 5, -2/35 HPs)
             Began as a Vampire Earth Elementalist on Oct 24, 2022.
             Was an Initiate of Gozag.
             Slain by Grinder (9 damage)
             ... while paralysed by Grinder
             ... on level 4 of the Dungeon.
             The game lasted 00:06:52 (3958 turns).

billz999 the Sneak (Vampire Earth Elementalist)     Turns: 3958, Time: 00:06:53

Health: -2/35      AC:  2    Str:  7    XL:     5   Next: 59%
Magic:  4/8        EV:  2    Int: 19    God:    Gozag
Gold:   229        SH:  0    Dex: 15    Spells: 7/8 levels left

rFire   + . .      SeeInvis +    a - +0 sling
rCold   + . .      Faith    .    (no shield)
rNeg    . . .      Spirit   .    e - +0 robe
rPois   .          Reflect  .    (no helmet)
rElec   .          Harm     .    v - scarf {rC+ rF+}
rCorr   +          Rampage  .    (no gloves)
Will    .....                    (no boots)
Stlth   ++++......               (no amulet)
HPRegen 0.45/turn                i - ring of resist corrosion
MPRegen 0.11/turn                (no ring)

@: paralysed, flying, very slightly contaminated, healing quickly
A: alive, fangs 3, see invisible, vampiric 2
a: Exsanguinate, Renounce Religion, Potion Petition, Call Merchant, Bribe Branch


You were on level 4 of the Dungeon.
You worshipped Gozag.
Gozag was aware of your devotion.
You visited 2 branches of the dungeon, and saw 6 of its levels.

You collected 289 gold pieces.
You paid 60 gold pieces to Gozag.

Inventory:

Hand Weapons
 a - a +0 sling (weapon)
 b - a +2 dagger of draining
 l - a +3 dagger
Missiles
 r - 5 curare-tipped darts
Armour
 e - a +0 robe (worn)
 f - a +0 buckler
 v - a scarf of resistance (worn)
Jewellery
 i - a ring of resist corrosion (left hand)
Wands
 x - a wand of charming (9)
Scrolls
 c - 3 scrolls of teleportation
 d - a scroll of vulnerability {unknown}
 g - 3 scrolls of poison {unknown}
 m - a scroll of immolation {unknown}
 n - 2 scrolls of enchant weapon {unknown}
 t - 5 scrolls of identify {unknown}
 w - a scroll of butterflies {unknown}
Potions
 h - a potion of ambrosia {unknown}
 j - a potion of magic
 o - a potion of curing {unknown}
 p - a potion of degeneration {unknown}
 q - a potion of mutation {unknown}
 u - a potion of heal wounds {unknown}


   Skills:
 - Level 2.1 Dodging
 * Level 7.8 Stealth
 - Level 2.0 Spellcasting
 + Level 3.5 Transmutations
 - Level 3.0 Earth Magic


You had 7 spell levels left.
You knew the following spells:

 Your Spells              Type           Power      Damage    Failure   Level
a - Sandblast             Erth           26%        2d8       4%          1

Your spell library contained the following spells:

 Spells                   Type           Power      Damage    Failure   Level
 Passwall                 Tmut/Erth      11%        N/A       7%          2
 Stone Arrow              Conj/Erth      14%        3d7       26%         3
 Petrify                  Tmut/Erth      14%        N/A       41%         4


Dungeon Overview and Level Annotations

Branches:
Dungeon (5/15)             Temple (1/1) D:4

Altars:
Cheibriados
Dithmenos
Fedhas
Gozag
Hepliaklqana
Kikubaaqudgha
Nemelex Xobeh
Okawaru
Qazlal
Ru
Sif Muna
Trog
Vehumet
Wu Jian
Xom
Yredelemnul

Annotations:
D:4 Grinder


Innate Abilities, Weirdness & Mutations

Your natural rate of healing is accelerated.
You have razor-sharp teeth.
You have supernaturally acute eyesight. (SInv)
You are afflicted with vampirism and can become a bat while bloodless.


Message History

Press: ? - help, Shift-Dir - straight line, f - Grinder
Aim: Grinder (moderately wounded, 80% to hit)
The blast of sand misses Grinder.
Grinder barely misses you. Grinder hits you but does no damage.
Unknown command.
Casting: Sandblast (safe; 4% risk of failure)
Confirm with . or Enter, or press ? or * to list all spells.
Aiming: Sandblast (safe; 4% risk of failure)
Press: ? - help, Shift-Dir - straight line, f/p - Grinder
Aim: Grinder (moderately wounded, 80% to hit)
You miscast Sandblast.
You are very lightly contaminated with residual magic.
Nothing appears to happen.
Grinder blinks!
Unknown command.
Casting: Sandblast (safe; 4% risk of failure)
Confirm with . or Enter, or press ? or * to list all spells.
Aiming: Sandblast (safe; 4% risk of failure)
Press: ? - help, Shift-Dir - straight line, f/p - Grinder
Aim: Grinder (moderately wounded, 80% to hit)
The blast of sand hits Grinder but does no damage.
Grinder is moderately wounded.
Grinder hits you!
Unknown command.
Casting: Sandblast (safe; 4% risk of failure)
Confirm with . or Enter, or press ? or * to list all spells.
Aiming: Sandblast (safe; 4% risk of failure)
Press: ? - help, Shift-Dir - straight line, f/p - Grinder
Aim: Grinder (moderately wounded, 80% to hit)
The blast of sand hits Grinder!
Grinder is heavily wounded.
Grinder hits you!
You writhe in agony.
Grinder hits you!
* * * LOW HITPOINT WARNING * * *
It was a potion of flight.
You feel very buoyant.
You fly up into the air.
Grinder gestures at you.
You suddenly lose the ability to move!
Grinder hits you!
You die...
Your body crumbles into a pile of gold.

##.....# #####.##
#..#### ##..... #.....
##########>....
####...........>..
#....####.####....
##@##.#...........)
####.5##)#############
#....###..............
#.####################
#.##...............###
#.#..#############.##.
##.#..............#....
#..#.#########.#####.##
#.#..# #.......#


You could see Grinder.

Vanquished Creatures
  A howler monkey (D:3)
  An orc wizard (D:3)
  Ijyb (D:4)
  2 adders
  A worm (D:2)
  3 dart slugs
  6 orcs
  7 bats
  6 endoplasms
  6 giant cockroaches
  5 goblins
  8 hobgoblins
  5 jackals
  2 quokkas
  15 ball pythons
  2 frilled lizards (D:1)
  13 kobolds
  4 rats
88 creatures vanquished.

Vanquished Creatures (others)
  9 plants (D:4)
9 creatures vanquished.

Grand Total: 97 creatures vanquished

Notes
Turn   | Place    | Note
-------+----------+-------------------------------------------
     0 | D:1      | billz999 the Vampire Earth Elementalist began the quest for
                  | the Orb.
     0 | D:1      | Reached XP level 1. HP: 13/13 MP: 3/3
   319 | D:1      | Reached skill level 4 in Stealth
   319 | D:1      | Reached XP level 2. HP: 19/19 MP: 3/5
   701 | D:1      | Gained mutation: You are afflicted with vampirism and can
                  | become a bat while bloodless. [Vampire growth]
   701 | D:1      | Reached XP level 3. HP: 24/24 MP: 6/6
   714 | D:1      | Reached skill level 5 in Stealth
  1325 | D:2      | Reached XP level 4. HP: 28/30 MP: 3/7
  1680 | D:3      | Reached skill level 6 in Stealth
  1849 | D:3      | Reached skill level 7 in Stealth
  1849 | D:3      | Reached XP level 5. HP: 31/35 MP: 5/8
  2794 | D:4      | Found a staircase to the Ecumenical Temple.
  2803 | Temple   | Entered the Ecumenical Temple
  2898 | Temple   | Became a worshipper of Gozag Ym Sagoz the Greedy
  3113 | D:4      | Noticed Ijyb
  3168 | D:4      | Killed Ijyb
  3915 | D:5      | Entered Level 5 of the Dungeon
  3918 | D:5      | Noticed Grinder
  3950 | D:4      | Paralysed by Grinder for 3 turns
  3957 | D:4      | Paralysed by Grinder for 5 turns
  3958 | D:4      | Slain by Grinder

Illustrated notes

Levels and vault maps discovered:
D:1:      dpeg_arrival_arbitrary_b, layout_basic
D:2:      layout_rooms
D:3:      layout_loops_corners, st_stairs_6, serial_bayou_crossing
D:4:      minmay_chambers_of_fours, layout_rooms, nicolae_elyvilon_temple_path,
          minmay_temple_entry_large_hall, serial_co_window_serial,
          co_window_corner_a, co_window_of_opportunity_a, co_window_corner_a,
          co_window_of_opportunity_a, co_window_paths_a, co_window_broadway_c,
          co_window_of_opportunity_b, co_window_2corner, co_window_paths_e,
          glass_columns_b, glass_columns_a, glass_columns_c, uniq_ijyb
D:5:      layout_cave_pools, uniq_grinder
Temple:   regret_index_temple_mists

Skill      XL: |  1  2  3  4 |
---------------+-------------+-----
Stealth        | 4 5 7 |  7.8
Transmutations | 2 3 |  3.5
Dodging        | |  2.1
Spellcasting   | |  2.0
Earth Magic    | |  3.0

Action                   |  1- 3 |  4- 6 || total
-------------------------+-------+-------++-------
Melee: Dagger            |       |    20 ||    20
 Fire: Sling             |    64 |    44 ||   108
 Cast: Sandblast         |    38 |    62 ||   100
Evoke: Wand              |       |     2 ||     2
  Use: Scroll            |       |     1 ||     1
       Potion            |       |     1 ||     1
Armor: Robe              |     3 |    11 ||    14
Dodge: Dodged            |     9 |    38 ||    47

Table legend: (Time is in decaauts)
 A = Elapsed time spent in this place.
 B = Non-inter-level travel time spent in this place.
 C = Inter-level travel time spent in this place.
 D = Time resting spent in this place.
 E = Time spent auto-exploring this place.
 F = Levels seen in this place.
 G = Mean time per level.
                   A        B        C        D        E       F      G
               +--------+--------+--------+--------+--------+-----+--------+
         Total |   4093 |   3878 |    215 |      5 |   3307 |   6 |  682.2 |
       Dungeon |   3946 |   3764 |    182 |      5 |   3209 |   5 |  789.2 |
        Temple |    146 |    113 |     33 |      0 |     98 |   1 |  146.0 |
               +--------+--------+--------+--------+--------+-----+--------+

Top non-repeatable levels by time:
     D:3: 1140 daAuts
     D:1: 1073 daAuts
     D:4: 1059 daAuts
     D:2: 648 daAuts
  Temple: 146 daAuts
     D:5: 24 daAuts
